 Dungeon Crawl Stone Soup version 0.29-a0-1065-g47a6bb87d6 (webtiles) character file.

Game seed: 15656819554605080815

68 greasedhog the Chiller (level 4, -3/24 HPs)
             Began as a Gargoyle Ice Elementalist on Aug 18, 2022.
             Slain by Sigmund
             ... wielding a +0 scythe
              (4 damage)
             ... on level 2 of the Dungeon.
             The game lasted 00:03:16 (2263 turns).

greasedhog the Chiller (Gargoyle Ice Elementalist)  Turns: 2263, Time: 00:03:17

Health: -3/24      AC:  6    Str: 11    XL:     4   Next: 19%
Magic:  5/8        EV: 11    Int: 18    God:
Gold:   137        SH:  0    Dex: 10    Spells: 2/9 levels left

rFire   + . .      SeeInvis .   i - +0 short sword
rCold   + . .      Faith    .   (no shield)
rNeg    + + .      Spirit   .   a - +1 robe
rPois   ∞          Reflect  .   (no helmet)
rElec   +          Harm     .   (no cloak)
rCorr   +          Rampage  .   (no gloves)
Will    .....                   (no boots)
Stlth   +.........              (no amulet)
HPRegen 0.08/turn               g - ring of positive energy
MPRegen 0.11/turn               (no ring)

@: confused, resistant
A: sickness immunity, AC +3, negative energy resistance 1, electricity
resistance, torment resistance 1, petrification resistance
a: no special abilities


You were on level 2 of the Dungeon.
You visited 1 branch of the dungeon, and saw 2 of its levels.

You collected 137 gold pieces.

Inventory:

Hand Weapons
 i - a +0 short sword (weapon)
Armour
 a - a +1 robe (worn)
Jewellery
 g - a ring of positive energy (left hand)
Scrolls
 e - a scroll of enchant armour
Potions
 b - a potion of magic


   Skills:
 - Level 1.5 Dodging
 - Level 2.1 Stealth
 * Level 3.1 Spellcasting
 * Level 4.8 Ice Magic


You had 2 spell levels left.
You knew the following spells:

 Your Spells              Type           Power      Damage    Failure   Level
a - Freeze                Ice            80%        1d9       2%          1
b - Frozen Ramparts       Ice            40%        1d7       6%          3
c - Ozocubu's Armour      Ice            20%        N/A       6%          3

Your spell library contained the following spells:

 Spells                   Type           Power      Damage    Failure   Level
 Apportation              Tloc           4%         N/A       16%         1
 Necrotise                Necr           8%         1d4       16%         1
 Summon Small Mammal      Summ           8%         N/A       16%         1
 Hailstorm                Conj/Ice       11%        3d5       52%         4


Dungeon Overview and Level Annotations

Branches:
Dungeon (2/15)

Altars:

Annotations:
D:2 Sigmund


Innate Abilities, Weirdness & Mutations

You are immune to sickness and miasma.
Your stone body is resilient. (AC +3)
You are immune to poison.
You resist negative energy. (rN+)
You are resistant to electric shocks. (rElec)
You are resistant to unholy torment.
You are immune to petrification.


Message History

The puff of flame hits you but does no damage.
The wall freezes Sigmund.
Sigmund casts a spell at you.
The puff of flame hits you but does no damage.
The frozen ramparts melt away.
Sigmund hits you but does no damage.
You cannot move.
Okay, then.
There are no items here.
There are no items here.
Okay, then.
Sigmund hits you but does no damage. Sigmund hits you but does no damage.
Sigmund breathes a few words.
Sigmund's hands start flickering wildly.
Sigmund hits you but does no damage.
Sigmund gestures wildly while chanting.
Sigmund flickers and vanishes!
Deactivating autopickup; reactivate with Ctrl-A.
Your transformation is almost over.
Something hits you but does no damage. Something hits you but does no damage.
Something hits you.
You hear some strange, mumbled words.
A puff of flame appears from out of thin air!
The puff of flame hits you but does no damage.
You flicker for a moment.
Something hits you but does no damage. Something hits you but does no damage.
You hear some strange, mumbled words.
You are confused.
A bat comes into view.
Something hits you but does no damage.
The bat moves out of view.
You feel less wooden.
Your +1 robe unmelds from your body.
You bump into the closed door.
You flicker back into view.
Something hits you!
* * * LOW HITPOINT WARNING * * *
Something hits you.
You die...

... ######+###.## #
#........... ..
###.(........##.
...............
.............#+###+#.
...........†.........
............@.......
#..<....{.........
#######.........#+###+#.
..............>##
............?......
#######.######.##.#
..... .... # .....###
....... ######. ........


There were no monsters in sight!

Vanquished Creatures
  Terence (D:2)
  A worm (D:2)
  A dart slug (D:1)
  4 ball pythons
  2 bats (D:1)
  5 endoplasms
  2 goblins (D:1)
  5 hobgoblins
  2 jackals (D:2)
  2 quokkas (D:2)
  3 frilled lizards
  3 kobolds
  5 rats
36 creatures vanquished.

Notes
Turn   | Place    | Note
-------+----------+-------------------------------------------
     0 | D:1      | greasedhog the Gargoyle Ice Elementalist began the quest
                  | for the Orb.
     0 | D:1      | Reached XP level 1. HP: 10/10 MP: 3/3
   206 | D:1      | Reached XP level 2. HP: 13/15 MP: 5/5
   361 | D:1      | Found a faded altar of an unknown god.
  1211 | D:1      | Reached XP level 3. HP: 19/19 MP: 4/6
  1511 | D:2      | Learned a level 3 spell: Frozen Ramparts
  1515 | D:2      | Learned a level 3 spell: Ozocubu's Armour
  1841 | D:2      | Noticed Terence
  1867 | D:2      | Killed Terence
  1868 | D:2      | Reached XP level 4. HP: 15/24 MP: 1/8
  2217 | D:2      | Noticed Sigmund
  2262 | D:2      | HP: 1/24 [something (9)]
  2263 | D:2      | Slain by Sigmund

Illustrated notes

Levels and vault maps discovered:
D:1:      minmay_arrival_cross, layout_basic, chequers_ecumenical_altar_simple
D:2:      layout_basic, uniq_sigmund, uniq_terence

Skill      XL: |  1  2  3 |
---------------+----------+-----
Spellcasting   | 3 |  3.1
Dodging        | |  1.5
Stealth        | |  2.1
Ice Magic      | |  4.8

Action                   |  1- 3 |  4- 6 || total
-------------------------+-------+-------++-------
Melee: Dagger            |    54 |       ||    54
       Punch             |     1 |       ||     1
       Short sword       |       |    20 ||    20
 Cast: Freeze            |    31 |       ||    31
       Frozen Ramparts   |     2 |     2 ||     4
       Ozocubu's Armour  |     1 |       ||     1
  Use: Scroll            |     4 |       ||     4
       Potion            |       |     4 ||     4
 Stab: Sleeping          |     2 |     2 ||     4
Armor: Robe              |    40 |     9 ||    49
       Skin              |       |    13 ||    13
Dodge: Dodged            |    33 |    15 ||    48

Table legend: (Time is in decaauts)
 A = Elapsed time spent in this place.
 B = Non-inter-level travel time spent in this place.
 C = Inter-level travel time spent in this place.
 D = Time resting spent in this place.
 E = Time spent auto-exploring this place.
 F = Levels seen in this place.
 G = Mean time per level.
                   A        B        C        D        E       F      G
               +--------+--------+--------+--------+--------+-----+--------+
         Total |   2263 |   2241 |     22 |      0 |   1914 |   2 | 1131.5 |
       Dungeon |   2263 |   2241 |     22 |      0 |   1914 |   2 | 1131.5 |
               +--------+--------+--------+--------+--------+-----+--------+

Top non-repeatable levels by time:
     D:1: 1435 daAuts
     D:2: 828 daAuts
